 Dungeon Crawl Stone Soup version 0.30-a0-1164-ge08a67761e (webtiles) character file.

Game seed: 5344588455851695815

3085 Jase the Grappler (level 9, -7/93 HPs)
             Began as a Troll Fighter on Apr 30, 2023.
             Was an Initiate of Yredelemnul.
             Mangled by a water moccasin (8 damage)
             ... on level 8 of the Dungeon.
             The game lasted 00:15:12 (6012 turns).

Jase the Grappler (Troll Fighter)                   Turns: 6012, Time: 00:15:13

Health: -7/93      AC:  5    Str: 32    XL:     9   Next: 58%
Magic:  11/11      EV: 10    Int:  4    God:    Yredelemnul [......]
Gold:   418        SH:  0    Dex: 11    Spells: 8/8 levels left

rFire   + .          .
                       - Unarmed
rCold   . . .        (no shield)
rNeg    + . .        F - +1 robe of Eternal Night {rF+ Str+4 Archmagi}
rPois   .            (helmet restricted)
rElec   .            (no cloak)
rCorr   .            (gloves unavailable)
SInv    .            (boots unavailable)
Will    .....        z - amulet of magic regeneration
Stlth   +            q - ring of positive energy
HPRegen 1.15/turn    (no ring)
MPRegen 0.52/turn

%: archmagi
@: no status effects
A: large, unfitting armour, claws 3, regeneration 1, shaggy fur 1, tough skin 1
a: Renounce Religion, Recall Undead Harvest


You were on level 8 of the Dungeon.
You worshipped Yredelemnul.
Yredelemnul was noncommittal.
You visited 2 branches of the dungeon, and saw 9 of its levels.
You also visited: Ossuary.

You collected 418 gold pieces.

Inventory:

Hand Weapons
 f - a +2 whip of distortion
Missiles
 p - 5 javelins (quivered)
 D - a throwing net
 E - 10 poisoned darts
Armour
 F - the +1 robe of Eternal Night (worn) {rF+ Str+4 Archmagi}
   (You found it on level 6 of the Dungeon)

   Str:       It affects your strength (+4).
   rF:        It protects you from fire.
   Archmagi:  It increases the power of your magical spells.
Jewellery
 k - a ring of ice
 q - a ring of positive energy (left claw)
 r - a ring of fire
 z - an amulet of magic regeneration (around neck)
Wands
 h - a wand of flame (31)
 j - a wand of charming (3)
 w - a wand of roots (6)
Scrolls
 g - a scroll of torment {unknown}
 l - 4 scrolls of teleportation {unknown}
 o - a scroll of acquirement {unknown}
 s - a scroll of magic mapping {unknown}
 t - 2 scrolls of enchant weapon {unknown}
 v - a scroll of immolation {unknown}
 y - 3 scrolls of blinking {unknown}
 B - a scroll of fear {unknown}
 C - a scroll of butterflies {unknown}
 G - a scroll of vulnerability {unknown}
Potions
 a - 4 potions of curing {unknown}
 b - 2 potions of magic
 c - 5 potions of might
 d - 3 potions of attraction {unknown}
 e - 5 potions of degeneration {unknown}
 i - a potion of heal wounds
 m - 3 potions of flight {unknown}
 n - a potion of berserk rage
 u - 2 potions of haste {unknown}
 x - 3 potions of invisibility {unknown}
 A - 2 potions of ambrosia {unknown}


   Skills:
 + Level 7.0 Fighting
 - Level 2.1 Throwing
 - Level 2.4 Dodging
 - Level 2.6 Shields
 * Level 9.2 Unarmed Combat
 + Level 5.1 Invocations


You had 8 spell levels left.
You didn't know any spells.
Your spell library contained the following spells:

 Spells                   Type           Power      Damage    Failure   Level
 Vhi's Electric Charge    Tloc/Air       0%         N/A       86%         3
 Animate Armour           Summ/Erth      0%         N/A       99%         4
 Arcjolt                  Conj/Air       0%         1d10      100%        5
 Blade Hands              Tmut           0%         N/A       100%        5
 Iskenderun's Battlesphe  Conj           0%         2d6       100%        5
 Conjure Ball Lightning   Conj/Air       0%         3x3d6     100%        6
 Iron Shot                Conj/Erth      0%         9d1       100%        6
 Spellforged Servitor     Conj/Summ      0%         N/A       100%        7
 Discord                  Hex            0%         N/A       100%        8
 Disjunction              Tloc           0%         N/A       100%        8
 Maxwell's Capacitive Co  Air            0%         ∞         100%        8


Dungeon Overview and Level Annotations

Branches:
Dungeon (8/15)             Temple (1/1) D:4            Lair (0/5) D:8
Ossuary (visited)

Altars:
Ashenzari
Cheibriados
Dithmenos
Elyvilon
Fedhas
Gozag
Hepliaklqana
Kikubaaqudgha
Makhleb
Nemelex Xobeh
Okawaru
Sif Muna
Trog
Uskayaw
Vehumet
Wu Jian
Xom
Yredelemnul
Zin
The Shining One


Innate Abilities, Weirdness & Mutations

You are too large for most types of armour.
You have claws for hands.
Your natural rate of healing is unusually fast.
You are covered in fur. (AC +1)
You have tough skin. (AC +1)


Message History

You claw the orc priest!
You kill the orc priest!
The warg closely misses you. The warg bites you.
The warg bites you but does no damage.
You closely miss the warg. The warg bites you. The warg closely misses you. x2
You barely miss the warg. The water moccasin closely misses you.
Your orc zombie barely misses the warg.
The warg bites you!
The warg pauses to sniff the ground.
The warg bites you!
* * * LOW HITPOINT WARNING * * *
Unknown command.
You claw the orc priest!
The orc priest is almost dead.
The water moccasin bites you!
* * * LOW HITPOINT WARNING * * *
The warg barely misses you. The warg closely misses you.
Your orc zombie barely misses the warg.
Unknown command.
You swap places.
The water moccasin bites your orc zombie!
The warg bites your orc zombie!
Your orc zombie is destroyed!
The warg bites your orc zombie!
Your orc zombie is destroyed!
Unknown command.
You mangle the water moccasin!!
The water moccasin is severely wounded.
The orc wizard mumbles some strange words.
The orc wizard flickers and vanishes!
Deactivating autopickup; reactivate with Ctrl-A.
The orc warrior unwields a +0 dire flail.
The orc warrior wields a +0 arbalest.
The orc warrior shoots a bolt.
The bolt hits you!!
* * * LOW HITPOINT WARNING * * *
The orc wizard gestures wildly while chanting.
The orc wizard flickers and vanishes!
The orc priest miscasts a cantrip.
The water moccasin bites you!
You die...
Your body rises from the dead as a mindless zombie.

#................# .###
###.......##.....##
#...##.......#######.##
#.....)#..## ###
#....####..## ##... #
##.### ##..####... ..
##.## #...#..# #... #.##
##.)Z..# ..... #.#
##...@.#oo.... #.##
#....Shoo{.... ##.#
#....h.o.....> #Z###
###...#..{.......
##..Z###.....##..#......
#..#.............##.....
######...........# ##...
##....(####.. ##.
#...### ##.


You could see 2 wargs, an orc warrior, a water moccasin, an orc priest, an orc
and a friendly orc zombie.

Vanquished Creatures
  Sigmund (D:2)
  The ghost of baller8008 the Magician, an amateur DECj (D:4)
  2 steam dragons
  A water moccasin (D:5)
  An ogre (D:5)
  3 black bears
  3 phantoms
  A kobold brigand (D:7)
  An elf zombie (Ossuary)
  3 bullfrogs
  A gnoll sergeant (D:6)
  2 scorpions
  3 killer bees (D:7)
  A howler monkey (D:7)
  3 hounds (D:6)
  A centaur zombie (Ossuary)
  2 orc priests (D:8)
  A human zombie (Ossuary)
  2 jellies
  A sleepcap (D:5)
  Jessica (D:3)
  3 iguanas
  5 orc wizards (D:7)
  Ijyb (D:3)
  2 mummies (Ossuary)
  11 gnolls (D:6)
  3 adders
  2 shadow imps
  A white imp (D:6)
  2 ufetubi (D:4)
  5 adder zombies
  An adder skeleton (D:2)
  A worm (D:3)
  A dart slug (D:1)
  16 orcs
  5 bats
  A bat skeleton (D:2)
  5 endoplasms
  2 giant cockroaches (D:2)
  12 goblins
  9 hobgoblins
  3 jackals (D:1)
  3 quokkas
  4 ball pythons
  A ball python skeleton (D:2)
  A ball python zombie (D:2)
  2 frilled lizards
  2 giant cockroach zombies (D:2)
  4 goblin zombies
  9 hobgoblin zombies (Ossuary)
  A jackal skeleton (D:2)
  2 jackal zombies
  7 kobolds
  7 kobold zombies (Ossuary)
  10 orc zombies (Ossuary)
  A quokka skeleton (D:2)
  3 rats
  2 rat zombies
185 creatures vanquished.

Vanquished Creatures (collateral kills)
  A water moccasin (D:5)
  An ice beast (D:6)
  An iguana (D:7)
  An orc wizard (D:7)
  3 orcs
7 creatures vanquished.

Vanquished Creatures (others)
  A scorpion zombie (D:6)
  A spectral shadow imp (D:8)
  4 gnoll zombies (D:6)
  3 orc zombies
  A quokka zombie (D:4)
  A withered plant (D:2)
11 creatures vanquished.

Grand Total: 203 creatures vanquished

Notes
Turn   | Place    | Note
-------+----------+-------------------------------------------
     0 | D:1      | Jase the Troll Fighter began the quest for the Orb.
     0 | D:1      | Reached XP level 1. HP: 22/22 MP: 0/0
    69 | D:1      | Reached XP level 2. HP: 29/29 MP: 1/1
   282 | D:1      | Reached XP level 3. HP: 37/37 MP: 2/2
   403 | D:2      | Noticed Sigmund
   411 | D:2      | Killed Sigmund
   412 | D:2      | Reached skill level 4 in Unarmed Combat
   412 | D:2      | Reached XP level 4. HP: 34/48 MP: 3/3
   412 | D:2      | Reached XP level 5. HP: 39/54 MP: 4/4
   907 | D:3      | Found a broken altar of Ashenzari.
   910 | D:3      | Noticed Jessica
   925 | D:3      | Killed Jessica
   926 | D:3      | Reached XP level 6. HP: 58/62 MP: 5/5
   950 | D:3      | Found a radiant altar of Vehumet.
  1114 | D:3      | Noticed Ijyb
  1128 | D:3      | Killed Ijyb
  1172 | D:3      | Found a faded altar of an unknown god.
  1324 | D:3      | Found a blossoming altar of Fedhas.
  1385 | D:4      | Reached skill level 1 in Throwing
  1414 | D:4      | Found a sand-covered staircase.
  1431 | Ossuary  | Entered an ossuary
  1502 | Ossuary  | Reached skill level 5 in Unarmed Combat
  1690 | Ossuary  | Reached XP level 7. HP: 68/71 MP: 6/6
  1790 | D:4      | Found a staircase to the Ecumenical Temple.
  1801 | Temple   | Entered the Ecumenical Temple
  1849 | Temple   | Became a worshipper of Yredelemnul the Dark
  1926 | D:4      | Noticed an angel
  1927 | D:4      | Found a glowing silver altar of Zin.
  1972 | D:4      | Found a sparkling altar of Nemelex Xobeh.
  2053 | D:4      | Found a runed translucent gate.
  2053 | D:4      | Found a runed translucent gate.
  2053 | D:4      | Found a runed translucent gate.
  2061 | D:4      | Noticed baller8008's ghost (amateur DECj)
  2069 | D:4      | Killed baller8008's ghost
  2070 | D:4      | Reached skill level 5 in Fighting
  2070 | D:4      | Reached skill level 1 in Invocations
  2098 | D:4      | Reached * piety under Yredelemnul
  2360 | D:4      | Found a burning altar of Makhleb.
  2396 | D:5      | Entered Level 5 of the Dungeon
  2442 | D:5      | Reached skill level 6 in Unarmed Combat
  2498 | D:5      | Noticed a steam dragon
  2503 | D:5      | Killed a steam dragon
  2504 | D:5      | Reached XP level 8. HP: 35/81 MP: 8/8
  2821 | D:5      | Found an ornate altar of the Wu Jian Council.
  3085 | D:5      | Reached ** piety under Yredelemnul
  3198 | D:5      | Reached skill level 7 in Unarmed Combat
  3345 | D:5      | Found a snail-covered altar of Cheibriados.
  3385 | D:5      | Reached *** piety under Yredelemnul
  4131 | D:6      | Found the +3 salamander hide armour {Flames, rFlCloud rF++
                  | rC--}
  4176 | D:6      | Identified the +1 robe of Eternal Night {rF+ Str+4
                  | Archmagi}
  4206 | D:6      | Reached XP level 9. HP: 82/92 MP: 11/11
  4269 | D:6      | Reached skill level 8 in Unarmed Combat
  5429 | D:7      | Reached skill level 9 in Unarmed Combat
  5494 | D:7      | Reached skill level 5 in Invocations
  5742 | D:8      | Found a glowing golden altar of the Shining One.
  6000 | D:8      | Found a staircase to the Lair.
  6012 | D:8      | HP: 1/93 [orc warrior/bolt (19)]
  6012 | D:8      | Mangled by a water moccasin

Illustrated notes

Levels and vault maps discovered:
D:1:      giann_forest_graveyard, layout_rooms
D:2:      layout_rooms, serial_undead, serial_undead_c, serial_undead_a,
          serial_undead_f, serial_undead_f, minmay_pentomino_o4, uniq_sigmund
D:3:      layout_rooms, fedhas_altar_4, mainiacjoe_overflow_surrounded_room,
          mainiacjoe_overflow_catwalk, chequers_ecumenical_altar_island,
          uniq_ijyb, uniq_jessica
D:4:      layout_cave_pools, nemelex_dance_club_becter,
          mainiacjoe_overflow_alcove_1, zin_angel, temple_statues,
          enter_ossuary_4, ebering_ghost_rock_garden, minivault_25
D:5:      layout_layer_cave, mainiacjoe_overflow_paths,
          mainiacjoe_overflow_concentric_impassable, nicolae_figureground_pulse
D:6:      layout_layer_cave
D:7:      minmay_flawed_box, layout_gridville
D:8:      layout_layer_cave, nicolae_tso_carved_into_rock,
          erik_lair_orcish_takeover
Temple:   hellmonk_temple_of_storms

Skill      XL: |  1  2  3  4  5  6  7  8  9 |
---------------+----------------------------+-----
Fighting       | 3 4 5 6 7 |  7.0
Unarmed Combat | 4 5 6 7 9 |  9.2
Throwing       | 2 |  2.1
Invocations    | 2 4 5 |  5.1
Dodging        | |  2.4
Shields        | |  2.6

Action                     |  1- 3 |  4- 6 |  7- 9 || total
---------------------------+-------+-------+-------++-------
  Melee: Unarmed           |    78 |   197 |   253 ||   528
         Punch             |     1 |     7 |    13 ||    21
    Use: Scroll            |       |       |     6 ||     6
   Stab: Distracted        |       |       |     3 ||     3
 Armour: Robe              |    26 |    63 |    64 ||   153
         Skin              |       |     3 |       ||     3
  Dodge: Dodged            |    32 |    78 |   114 ||   224

Table legend: (Time is in decaauts)
 A = Elapsed time spent in this place.
 B = Non-inter-level travel time spent in this place.
 C = Inter-level travel time spent in this place.
 D = Time resting spent in this place.
 E = Time spent auto-exploring this place.
 F = Levels seen in this place.
 G = Mean time per level.
                   A        B        C        D        E       F      G
               +--------+--------+--------+--------+--------+-----+--------+
         Total |   5953 |   5768 |    185 |     93 |   4353 |  10 |  595.3 |
       Dungeon |   5616 |   5452 |    164 |     64 |   4319 |   8 |  702.0 |
        Temple |     69 |     48 |     21 |      0 |     24 |   1 |   69.0 |
       Ossuary |    266 |    266 |      0 |     29 |     10 |   1 |  266.0 |
               +--------+--------+--------+--------+--------+-----+--------+

Top non-repeatable levels by time:
     D:5: 1350 daAuts
     D:6: 1289 daAuts
     D:4: 681 daAuts
     D:7: 627 daAuts
     D:3: 541 daAuts
     D:2: 425 daAuts
     D:1: 384 daAuts
     D:8: 318 daAuts
 Ossuary: 266 daAuts
  Temple: 69 daAuts
